 Seeded DCSS version 0.30.0-17-ge0270778cf (webtiles) character file.

Game seed: 12735965570273765983 (custom seed)

69 Pimp the Conjurer (level 4, -1/24 HPs)
             Began as a Deep Elf Conjurer on May 21, 2023.
             Slain by Terence
             ... wielding a +3 flail
              (11 damage)
             ... on level 2 of the Dungeon.
             The game lasted 00:03:03 (1288 turns).

Pimp the Conjurer (Deep Elf Conjurer)               Turns: 1288, Time: 00:03:04

Health: -1/24      AC:  5    Str:  4    XL:     4   Next: 2%
Magic:  9/12       EV: 12    Int: 25    God:
Gold:   53         SH:  0    Dex: 13    Spells: 10/11 levels left

rFire   . . .        f - staff of conjuration "Raumpoum" {rPois rC+}
rCold   + + .        (no shield)
rNeg    . . .        a - +0 robe
rPois   +            j - +0 helmet
rElec   +            (no cloak)
rCorr   .            i - +1 pair of gloves
SInv    .            (no boots)
Will    .....        d - amulet "Buqoovum" {RegenMP rElec rC+}
Stlth   ++           (no ring)
HPRegen 0.24/turn    (no ring)
MPRegen 0.53/turn

%: no passive effects
@: no status effects
A: no striking features
a: no special abilities


You were on level 2 of the Dungeon.
You visited 1 branch of the dungeon, and saw 2 of its levels.

You collected 53 gold pieces.

Inventory:

Armour
 a - a +0 robe (worn)
 i - a +1 pair of gloves (worn)
 j - a +0 helmet (worn)
Magical Staves
 f - the staff of conjuration "Raumpoum" (weapon) {rPois rC+}
   (You acquired it on level 1 of the Dungeon)

   [staff of conjuration]

   Base accuracy: +5 Base damage: 5 Base attack delay: 1.2 This weapon's minimum
   attack delay (0.6) is reached at skill level 12.
   rC:        It protects you from cold.
   rPois:     It protects you from poison.
   It falls into the 'Staves' category.
   It is a one-handed weapon.
Jewellery
 d - the amulet "Buqoovum" (around neck) {RegenMP rElec rC+}
   (You acquired it on level 1 of the Dungeon)

   [amulet of magic regeneration]

   It increases your rate of magic regeneration.
   rC:        It protects you from cold.
   rElec:     It insulates you from electricity.
Scrolls
 e - a scroll of identify {unknown}
 h - a scroll of vulnerability {unknown}
 k - a scroll of teleportation {unknown}
 l - 2 scrolls of blinking {unknown}
 m - a scroll of noise {unknown}
Potions
 b - 2 potions of magic
 c - a potion of degeneration {unknown}
 g - a potion of haste {unknown}


   Skills:
 + Level 0.9 Fighting
 - Level 2.7 Dodging
 - Level 2.7 Stealth
 * Level 4.2 Spellcasting
 * Level 5.1 Conjurations


You had 10 spell levels left.
You knew the following spells:

 Your Spells              Type           Power      Damage    Failure   Level
a - Magic Dart            Conj           100%       1d8       1%          1

Your spell library contained the following spells:

 Spells                   Type           Power      Damage    Failure   Level
 Searing Ray              Conj           92%        2d7       1%          2
 Dazzling Flash           Conj/Hex       54%        N/A       10%         3
 Fulminant Prism          Conj/Hex       13%        3d8       30%         4
 Iskenderun's Mystic Bla  Conj/Tloc      27%        2d7       30%         4


Dungeon Overview and Level Annotations

Branches:
Dungeon (2/15)

Altars:
Qazlal

Annotations:
D:2 Terence


Message History

You can't see any susceptible monsters within range! (Use Z to cast anyway.)
You feel a surge of power!
The magic dart hits Terence but does no damage.
A frilled lizard comes into view.
You feel a surge of power!
The magic dart hits Terence but does no damage.
The frilled lizard hisses angrily.
You feel a surge of power!
The magic dart hits Terence.
Terence is moderately wounded.
You feel a surge of power!
The magic dart hits Terence.
Terence is moderately wounded.
Terence completely misses you. Terence attacks as you move away!
Terence misses you.
Aiming: Magic Dart (safe; 1% risk of failure)
Press: ? - help, Q - select action Shift-Dir - straight line, f/p - Terence
Aim: Terence, wielding a +3 flail and wearing a +0 scale mail (moderately wounded, 100% to hit)
You feel a surge of power!
The magic dart hits Terence but does no damage.
Terence is moderately wounded.
Terence hits you with a +3 flail!
Aiming: Magic Dart (safe; 1% risk of failure)
Press: ? - help, Q - select action Shift-Dir - straight line, f/p - Terence
Aim: Terence, wielding a +3 flail and wearing a +0 scale mail (moderately wounded, 100% to hit)
You feel a surge of power!
The magic dart hits Terence.
Terence is heavily wounded.
Terence hits you with a +3 flail!
Aiming: Magic Dart (safe; 1% risk of failure)
Press: ? - help, Q - select action Shift-Dir - straight line, f/p - Terence
Aim: Terence, wielding a +3 flail and wearing a +0 scale mail (heavily wounded, 100% to hit)
You feel a surge of power!
The magic dart hits Terence.
Terence is heavily wounded.
Terence closely misses you.
Aiming: Magic Dart (safe; 1% risk of failure)
Press: ? - help, Q - select action Shift-Dir - straight line, f/p - Terence
Aim: Terence, wielding a +3 flail and wearing a +0 scale mail (heavily wounded, 100% to hit)
You feel a surge of power!
The magic dart hits Terence but does no damage.
Terence is heavily wounded.
Terence hits you with a +3 flail!
You die...

###############
..............####
###########......###.
# #)......... #
#.._...###. #
#.....#### #
#.......<# # #
#...#.######..# #
#.#.#...@@l...# #
#.#.######......# # #
#. ......# ###
..>[..# ..# ......#
..# ......# ..#
####### ### ..


You could see Terence and a frilled lizard.

Vanquished Creatures
  2 adders (D:2)
  A worm (D:2)
  5 ball pythons
  A bat (D:2)
  4 endoplasms
  3 goblins
  4 hobgoblins
  7 jackals
  4 kobolds
  4 quokkas
  2 frilled lizards
  4 rats
41 creatures vanquished.

Notes
Turn   | Place    | Note
-------+----------+-------------------------------------------
     0 | D:1      | Pimp the Deep Elf Conjurer began the quest for the Orb.
     0 | D:1      | Reached XP level 1. HP: 10/10 MP: 6/6
    41 | D:1      | Identified 2 scrolls of acquirement
    41 | D:1      | Acquired the staff of conjuration "Raumpoum" {rPois rC+}
    43 | D:1      | Acquired the amulet "Buqoovum" {RegenMP rElec rC+}
    72 | D:1      | Reached XP level 2. HP: 15/15 MP: 6/8
   470 | D:1      | Reached XP level 3. HP: 20/20 MP: 7/10
   910 | D:2      | Reached skill level 5 in Conjurations
  1034 | D:2      | Reached XP level 4. HP: 24/24 MP: 9/12
  1264 | D:2      | Found a stormy altar of Qazlal.
  1278 | D:2      | Noticed Terence
  1288 | D:2      | Slain by Terence

Illustrated notes

Levels and vault maps discovered:
D:1:      dpeg_arrival_long_road, layout_loops_cross, hex_tiny
D:2:      minmay_evil_eye, layout_basic, basic_altar, minmay_ruptured,
          uniq_terence

Skill      XL: |  1  2  3 |
---------------+----------+-----
Spellcasting   | 4 |  4.2
Conjurations   | 5 |  5.1
Fighting       | |  0.9
Dodging        | |  2.7
Stealth        | |  2.7

Action                     |  1- 3 |  4- 6 || total
---------------------------+-------+-------++-------
   Cast: Magic Dart        |    81 |     9 ||    90
    Use: Scroll            |     2 |       ||     2
 Armour: Robe              |     2 |       ||     2
  Dodge: Dodged            |     6 |     3 ||     9
